Map: Alcyone LE

Players

Satyr

  • Race: Terran Terran
  • League: Diamond
  • Spawn Location: 7:00

TerranYOUup - Winner!

  • Race: Terran Terran
  • League: Diamond
  • Spawn Location: 1:00

VOD

Have the link to the VOD?

Description

Time

  • Played on: Nov. 1, 2023, 8:23 p.m.
  • Length: 37:55
Show
View Real Time Build Order
Export as new Build Order

Satyr Terran 

Build Orders: Mech 

Get SALT Encoding   

  12  0:00  SCV  
  13  0:12  SCV  
  14  0:18  Supply Depot  
  14  0:25  SCV  
  14  0:27  Refinery  
  15  0:39  SCV  
  16  0:45  Barracks  
  16  0:51  SCV  
  17  1:03  SCV  
  18  1:16  SCV  
  19  1:34  Barracks Tech Lab  
  19  1:35  Orbital Command  
  19  1:37  Supply Depot  
  19  1:55  Concussive Shells, Marauder  
  19  2:00  SCV  
  22  2:10  Command Center  
  22  2:12  SCV  
  23  2:15  Marine  
  24  2:24  SCV  
  24  2:25  Factory  
  25  2:33  Marine  
  25  2:36  SCV  
  27  2:43  Supply Depot  
  27  2:48  SCV  
  27  2:49  Refinery  
  28  2:51  Marine  
  29  3:01  SCV  
  30  3:09  Cyclone  
  32  3:13  SCV  
  32  3:16  Starport  
  32  3:18  Marine  
  34  3:25  SCV  
  36  3:29  Orbital Command  
  36  3:32  Refinery  
  35  3:44  SCV  
  36  3:52  Siege Tank  
  36  3:55  Starport Tech Lab  
  39  3:56  SCV  
  39  3:58  SCV  
  41  4:08  SCV  
  42  4:10  SCV  
  42  4:14  Raven  
  42  4:16  Barracks Reactor  
  45  4:20  SCV  
  45  4:22  SCV  
  47  4:27  Siege Tank  
  47  4:29  Command Center  
  50  4:33  SCV  
  50  4:34  SCV  
  50  4:38  Factory  
  52  4:45  SCV  
  53  4:46  SCV  
  54  5:04  Refinery  
  54  5:11  Engineering Bay  
  54  5:15  Supply Depot  
  54  5:18  Supply Depot  
  54  5:19  Factory  
  54  5:22  Factory  
  54  5:25  Factory Reactor  
  54  5:35  Infernal Pre-Igniter  
  54  5:36  Siege Tank, SCV x2  
  54  5:39  Supply Depot  
  59  5:42  Missile Turret  
  59  5:43  Missile Turret  
  59  5:47  Orbital Command  
  59  5:49  SCV x2  
  61  5:50  Missile Turret  
  61  5:56  Starport  
  61  6:01  SCV x2  
  61  6:03  Cyclone x2  
  67  6:04  Factory Reactor  
  67  6:05  Factory Tech Lab  
  67  6:11  Hi-Sec Auto Tracking, Missile Turret  
  67  6:13  SCV x2  
  69  6:20  SCV  
  69  6:25  SCV  
  71  6:27  Orbital Command  
  71  6:28  Siege Tank  
  71  6:32  Hellion  
  76  6:38  SCV  
  76  6:39  SCV  
  78  6:45  Missile Turret x2  
  78  6:48  Cyclone x2  
  78  6:50  Hellion x2  
  78  6:53  SCV x3  
  78  6:54  Missile Turret  
  87  6:56  Missile Turret  
  85  7:10  Missile Turret  
  85  7:12  Missile Turret  
  79  7:16  SCV x3  
  79  7:20  Viking x3  
  88  7:25  Siege Tank  
  91  7:35  Missile Turret  
  91  7:36  Missile Turret, SCV x2  
  93  7:48  Supply Depot  
  93  7:50  Supply Depot  
  93  7:53  Command Center  
  93  7:56  Refinery  
  93  7:57  Refinery  
  93  8:00  Hurricane Engines  
  93  8:04  Factory  
  93  8:07  Factory  
  93  8:08  Starport  
  93  8:10  Siege Tank, SCV x3, Starport  
  99  8:14  Starport  
  99  8:22  SCV x3  
  102  8:27  Interference Matrix  
  102  8:30  Hellion x3  
  108  8:34  SCV  
  108  8:39  Missile Turret  
  109  8:43  Missile Turret  
  109  8:45  Sensor Tower  
  109  8:46  Missile Turret  
  109  8:51  Factory Tech Lab x2  
  109  8:52  SCV  
  109  9:00  Command Center  
  109  9:04  Hellion, SCV x3  
  109  9:05  Orbital Command  
  114  9:11  Starport Tech Lab x3  
  114  9:16  SCV  
  115  9:22  Fusion Core, Armory x2  
  115  9:23  Armory  
  115  9:32  Viking x2  
  115  9:33  Viking  
  115  9:34  Viking  
  123  9:54  Supply Depot  
  123  9:56  Supply Depot  
  123  9:59  Supply Depot  
  123  10:14  Terran Vehicle And Ship Armor Level 1  
  123  10:15  Terran Vehicle Weapons Level 1, Terran Ship Weapons Level 1  
  123  10:27  Orbital Command  
  122  10:38  Battlecruiser x3  
  140  10:46  Missile Turret  
  140  10:47  Missile Turret x2  
  140  10:49  Missile Turret  
  140  10:53  Orbital Command, Missile Turret  
  140  10:56  Missile Turret  
  140  10:57  Missile Turret  
  140  11:00  Neosteel Armor  
  140  11:01  Weapon Refit, Missile Turret x2  
  140  11:06  Missile Turret  
  146  11:11  Battlecruiser  
  146  11:15  Orbital Command  
  146  11:17  Missile Turret  
  146  11:21  Missile Turret  
  146  11:22  Missile Turret  
  146  11:35  Viking x2, Refinery  
  146  11:37  Missile Turret, Refinery  
  146  11:39  Missile Turret  
  150  11:42  Missile Turret  
  149  11:59  Viking x2  
  149  12:00  Siege Tank x2  
  114  12:12  Battlecruiser  
  117  12:19  Hellion x3  
  122  12:28  Battlecruiser  
  122  12:29  Hellion x3  
  130  12:37  Hellion  
  130  12:38  Cyclone  
  130  12:40  Cyclone  
  118  12:53  Hellion, Battlecruiser  
  118  12:54  Siege Tank, Hellion x2  
  133  13:08  Siege Tank  
  133  13:09  Siege Tank  
  111  13:27  Viking x2  
  111  13:29  Hellion x2  
  119  13:34  Cyclone x2  
  119  13:35  Cyclone x2  
  119  13:40  Orbital Command  
  119  13:41  Hellion x2  
  131  13:45  SCV x3  
  134  13:57  SCV x3  
  137  14:04  Sensor Tower, Refinery x2  
  137  14:07  Cyclone x3  
  137  14:08  Hellion  
  145  14:13  Missile Turret, Supply Depot  
  145  14:15  Supply Depot  
  145  14:32  SCV x3  
  145  14:34  SCV  
  130  14:50  Cyclone x2  
  130  14:51  Hellion x2  
  114  14:55  Cyclone x3  
  114  14:57  Hellion  
  106  15:03  Orbital Command  
  89  15:12  Hellion, Cyclone  
  89  15:13  Battlecruiser  
  98  15:18  Cyclone  
  100  15:22  Hellion, Cyclone  
  100  15:24  Battlecruiser  
  100  15:25  Battlecruiser  
  100  15:27  SCV x3  
  119  15:39  SCV  
  120  15:44  Sensor Tower  
  120  15:46  Missile Turret  
  114  15:55  Siege Tank x2  
  99  16:00  Cyclone x2  
  99  16:01  Hellion, Cyclone  
  99  16:02  Hellion  
  88  16:12  Siege Tank  
  84  16:23  Siege Tank  
  87  16:36  Siege Tank x2  
  93  16:53  Siege Tank  
  94  16:54  Hellion  
  94  16:55  Siege Tank, Hellion x3  
  99  17:06  Sensor Tower  
  99  17:08  Siege Tank, Missile Turret, Terran Vehicle And Ship Armor Level 2  
  102  17:11  Terran Vehicle Weapons Level 2  
  102  17:15  Terran Ship Weapons Level 2  
  103  17:30  SCV x3  
  98  17:39  Cyclone x3  
  98  17:40  Cyclone x2  
  108  17:47  Battlecruiser  
  114  18:01  Battlecruiser  
  114  18:03  Hellion x2  
  124  18:17  Battlecruiser  
  124  18:19  Hellion  
  134  18:20  Hellion  
  134  18:34  Thor  
  134  18:36  Hellion x2  
  144  18:47  Viking x2  
  142  19:07  Battlecruiser  
  148  19:23  Sensor Tower, Missile Turret  
  124  19:40  Thor  
  124  19:44  SCV x2  
  107  19:50  Cyclone x2  
  107  19:51  Hellion x2, Cyclone  
  112  20:12  Battlecruiser  
  118  20:31  Sensor Tower, Missile Turret  
  118  20:42  Refinery  
  118  20:43  Refinery  
  118  20:52  Orbital Command  
  118  21:01  Thor  
  124  21:17  Thor  
  130  21:39  Command Center  
  130  21:42  Thor  
  136  21:50  Thor  
  142  22:01  Battlecruiser  
  148  22:15  Battlecruiser  
  154  22:25  Viking x2  
  152  22:37  Thor  
  152  22:38  Hellion x3  
  164  22:50  Hellion  
  166  22:55  Command Center  
  166  22:56  Missile Turret x2  
  166  22:58  Missile Turret  
  166  23:03  Missile Turret  
  166  23:15  Thor  
  172  23:21  Supply Depot  
  172  23:24  Supply Depot  
  172  23:25  Supply Depot  
  172  23:27  Supply Depot  
  120  23:51  Siege Tank x2  
  120  23:52  Thor  
  120  23:53  Hellion x3  
  138  23:59  Refinery  
  138  24:16  Battlecruiser  
  144  24:17  Hellion x2  
  144  24:18  Hellion x3  
  154  24:39  Orbital Command  
  154  24:45  Cyclone, Refinery  
  154  24:46  Hellion x3, Cyclone  
  164  24:55  Sensor Tower  
  164  24:59  Missile Turret x2  
  160  25:15  Siege Tank, Hellion  
  160  25:16  Hellion x4  
  160  25:18  Hellion  
  142  25:38  Siege Tank x2  
  142  25:39  Hellion x2  
  103  25:59  Siege Tank x2  
  103  26:00  Hellion x3  
  103  26:12  Siege Tank  
  103  26:13  Hellion x2  
  98  26:26  Hellion x3  
  98  26:31  Siege Tank  
  101  27:02  Orbital Command  
  101  27:04  Thor x2  
  107  27:16  Thor  
  113  27:27  Refinery  
  113  27:50  Thor x2  
  118  28:10  Cyclone x2  
  120  28:16  Viking x2  
  124  28:33  Siege Tank x2  
  124  28:34  Hellion x2  
  102  28:45  Siege Tank  
  102  28:48  Hellion x3  
  105  29:05  Siege Tank  
  105  29:06  Siege Tank  
  105  29:07  Hellion x2  
  115  29:22  Viking x2  
  115  29:23  Hellion x3  
  125  29:32  Hellion x2  
  125  29:33  Hellion  
  131  29:49  Viking  
  131  29:50  Thor  
  131  29:51  Hellion x2  
  143  30:01  Sensor Tower, Command Center, Missile Turret  
  143  30:24  Thor  
  143  30:26  Hellion x3  
  155  30:34  Missile Turret  
  153  30:47  Cyclone x3  
  159  30:50  Cyclone  
  161  31:08  Missile Turret  
  161  31:10  Cyclone x3  
  165  31:11  Missile Turret  
  141  31:30  Missile Turret  
  133  31:41  Viking x2  
  133  31:45  Cyclone x2  
  87  32:10  Command Center  
  84  32:48  Siege Tank x2  
  63  33:15  Siege Tank  
  66  33:26  Orbital Command  
  66  33:31  SCV  
  66  33:32  SCV  
  66  33:33  SCV  
  69  33:55  Orbital Command  
  69  33:56  Orbital Command  
  69  33:57  Cyclone x2  
  73  34:05  SCV x3  
  66  34:19  Siege Tank x3  
  63  34:26  Cyclone  
  62  34:37  Siege Tank  
  58  34:43  Hellion  
  52  34:51  Siege Tank  
  52  34:52  Hellion  
  42  35:01  Orbital Command  
  31  35:10  Siege Tank  
  18  35:55  Orbital Command  
  18  36:05  SCV  
  18  36:09  Orbital Command, Viking  
  21  36:11  Hellion  
  21  36:12  Hellion  
  21  36:17  SCV  
  26  36:26  Hellion x3  
  26  36:29  SCV  
  26  36:31  Refinery  
  33  36:35  SCV x2, Refinery  
  33  36:36  SCV  
  36  36:41  SCV  
  37  36:53  SCV  
  21  37:21  SCV  
Show
View Real Time Build Order
Export as new Build Order

TerranYOUup Terran - Winner!

Build Orders: Cyclone Opening 

Get SALT Encoding   

  12  0:00  SCV  
  13  0:13  SCV  
  14  0:18  Supply Depot  
  14  0:25  SCV  
  15  0:29  Refinery  
  15  0:40  SCV  
  16  0:47  Barracks  
  16  0:52  SCV  
  16  0:56  Refinery  
  17  1:04  SCV  
  18  1:16  SCV  
  19  1:28  SCV  
  20  1:37  Barracks Reactor  
  20  1:38  Factory  
  20  1:43  Orbital Command  
  20  1:52  Supply Depot  
  20  2:09  SCV  
  21  2:21  SCV  
  22  2:28  Cyclone x2  
  26  2:30  Supply Depot  
  26  2:33  SCV  
  27  3:00  Cyclone x2  
  27  3:05  Command Center  
  31  3:11  SCV  
  32  3:33  Widow Mine x2  
  36  3:37  Command Center  
  36  3:52  Starport  
  36  3:56  Starport  
  36  4:06  Widow Mine  
  38  4:10  Armory  
  40  4:17  Widow Mine  
  40  4:19  Orbital Command  
  40  4:28  Refinery  
  40  4:30  Starport Reactor  
  40  4:40  SCV  
  41  4:52  SCV  
  42  4:58  Starport Reactor, Widow Mine x2  
  47  5:00  SCV  
  47  5:04  SCV  
  48  5:07  Orbital Command  
  48  5:12  SCV  
  49  5:17  SCV  
  49  5:18  Refinery  
  50  5:24  SCV  
  51  5:29  SCV  
  52  5:36  SCV  
  52  5:41  Liberator x2, SCV  
  60  5:43  SCV  
  60  5:48  SCV  
  62  5:52  Supply Depot  
  62  6:02  Viking x2  
  62  6:03  SCV  
  62  6:04  SCV  
  68  6:06  SCV  
  69  6:15  SCV  
  69  6:16  SCV  
  69  6:17  Supply Depot  
  71  6:20  SCV  
  71  6:24  Supply Depot  
  72  6:33  SCV  
  72  6:34  SCV x2  
  72  6:39  Viking x3  
  81  6:44  Viking  
  83  7:06  Orbital Command  
  83  7:07  Widow Mine x2  
  87  7:09  Viking x2  
  87  7:10  Viking  
  87  7:13  SCV x2  
  92  7:17  Viking  
  92  7:20  Supply Depot x2  
  91  7:36  Supply Depot x2  
  91  7:41  Factory x2  
  91  7:42  Factory  
  91  7:43  Factory  
  91  7:44  Factory  
  91  7:46  Factory  
  92  7:51  Armory, SCV  
  92  7:52  SCV  
  93  8:06  SCV  
  94  8:14  Engineering Bay, SCV x2, Refinery  
  94  8:15  Refinery  
  94  8:18  SCV  
  97  8:26  SCV x2  
  99  8:27  Supply Depot  
  99  8:30  SCV  
  100  8:35  Factory Tech Lab x3  
  100  8:36  Factory Tech Lab, Factory Reactor x2  
  100  8:38  SCV x2  
  100  8:40  Supply Depot  
  102  8:42  SCV  
  103  8:50  SCV x2  
  105  8:56  SCV  
  105  9:02  Siege Tank x4, SCV x2  
  120  9:04  Hellion x2  
  120  9:05  Infernal Pre-Igniter  
  120  9:06  Terran Vehicle Weapons Level 1, Terran Vehicle And Ship Armor Level 1  
  120  9:08  SCV  
  125  9:14  SCV x2  
  127  9:21  Sensor Tower  
  127  9:22  Sensor Tower, Missile Turret  
  127  9:25  Missile Turret  
  127  9:28  SCV x2  
  127  9:29  SCV  
  130  9:34  Hellion x2  
  130  9:35  Hellion x3  
  140  9:43  Supply Depot x3  
  140  9:47  Supply Depot  
  140  9:54  Command Center  
  140  10:04  Siege Tank x2, Hellion  
  148  10:20  Siege Tank x2  
  154  10:21  Hellion  
  154  10:22  Hellion x3  
  154  10:23  Hellion  
  164  10:39  Siege Tank x2  
  164  10:40  Hellion  
  172  10:44  Supply Depot  
  172  10:45  Supply Depot x2  
  172  10:47  Smart Servos  
  172  10:48  SCV  
  173  11:05  Command Center  
  173  11:06  Hellion x6, Terran Vehicle Weapons Level 2, SCV x3  
  173  11:09  Terran Vehicle And Ship Armor Level 2  
  188  11:18  SCV x3  
  191  11:26  Supply Depot  
  191  11:27  Siege Tank x3  
  158  12:13  Siege Tank x4  
  158  12:14  Hellion x6  
  165  12:35  Cyclone x6  
  148  13:01  Cyclone x4  
  146  13:07  Cyclone x2  
  133  13:13  SCV x4  
  123  13:21  Cyclone  
  123  13:22  Cyclone x3  
  127  13:28  Refinery  
  127  13:30  Refinery  
  127  13:33  Cyclone x4  
  132  13:39  Cyclone x2  
  128  13:53  Cyclone  
  128  13:54  Hellion x3  
  136  13:56  Planetary Fortress  
  136  13:58  SCV x3  
  139  14:04  SCV  
  139  14:05  Thor x4  
  164  14:10  SCV x3  
  164  14:11  Hellion x2  
  164  14:12  Terran Vehicle Weapons Level 3  
  164  14:15  Hellion  
  164  14:17  SCV  
  174  14:22  SCV  
  175  14:25  SCV x2  
  175  14:26  Refinery  
  175  14:29  SCV  
  178  14:34  SCV  
  178  14:37  SCV x2  
  180  14:41  SCV  
  175  14:46  SCV  
  175  14:48  Thor x3  
  175  14:49  Hellion  
  175  14:50  Hellion x3  
  157  15:07  Thor  
  157  15:08  Hellion x2  
  157  15:11  Hellion  
  155  15:21  Hellion x3  
  161  15:30  Hellion x2  
  161  15:32  Hellion, SCV x3  
  161  15:33  SCV  
  161  15:34  Starport  
  171  15:37  Unknown, Starport  
  171  15:47  Command Center  
  135  16:06  Thor x4  
  135  16:07  Hellion x4  
  152  16:49  Thor x2  
  156  16:58  Starport Reactor x2  
  154  17:05  SCV x2  
  154  17:06  SCV x2  
  158  17:11  Planetary Fortress  
  158  17:14  Refinery  
  158  17:16  Refinery  
  158  17:18  Missile Turret  
  158  17:19  Missile Turret  
  158  17:20  Missile Turret, SCV x3  
  158  17:21  SCV  
  162  17:32  SCV x2  
  162  17:33  SCV x2  
  162  17:35  Hellion x3  
  162  17:36  Siege Tank x4, Hellion x3  
  180  18:00  Hellion x6  
  180  18:03  Viking  
  180  18:04  Viking  
  198  18:07  Viking, Command Center, Terran Vehicle And Ship Armor Level 3  
  198  18:08  Viking  
  198  18:10  SCV  
  196  19:01  SCV x4  
  162  19:41  Siege Tank x3  
  162  19:42  Siege Tank, Hellion x4  
  119  19:55  Viking x4  
  120  20:12  Hellion  
  120  20:13  Hellion x5  
  132  20:14  Siege Tank x4  
  132  20:17  Terran Ship Weapons Level 1  
  144  20:22  Command Center  
  144  20:25  Viking x4  
  152  20:39  Hellion x4  
  152  20:40  Hellion x2  
  164  20:46  Siege Tank x3, Command Center  
  164  20:47  Siege Tank  
  176  21:10  Viking x4, Hellion x6  
  196  21:31  Missile Turret x2  
  196  21:33  Missile Turret  
  196  21:35  Planetary Fortress, Missile Turret  
  196  21:36  Missile Turret  
  196  21:40  Viking, Missile Turret  
  196  21:43  Missile Turret  
  196  21:45  SCV x2  
  200  21:49  Missile Turret  
  200  21:58  Orbital Command  
  180  22:29  SCV x4  
  176  22:47  Siege Tank x4  
  176  22:48  Hellion x6  
  200  23:01  Planetary Fortress  
  200  23:07  Unknown  
  195  23:40  Thor x4  
  175  23:41  Hellion x2  
  175  23:42  Viking x4, Hellion x4  
  135  24:03  Hellion x6  
  135  24:05  Unknown  
  145  24:12  Viking x4  
  153  24:23  Thor x4  
  171  24:44  Viking x4  
  176  24:46  Terran Ship Weapons Level 2, Refinery x2  
  176  24:49  Hellion x6, Command Center  
  188  25:00  Orbital Command  
  168  25:31  Thor x3  
  168  25:32  Thor  
  168  25:33  Hellion x2  
  139  25:53  Viking x2  
  125  26:07  Viking x2  
  129  26:15  Siege Tank  
  135  26:23  Viking x2  
  102  27:04  Cyclone x3  
  102  27:05  Cyclone  
  108  27:14  Factory  
  108  27:15  Factory  
  108  27:21  Factory x3  
  108  27:31  Viking  
  108  27:32  Viking x3  
  108  27:35  Thor  
  108  27:36  Cyclone x2, Hurricane Engines  
  108  27:37  Cyclone x2  
  104  28:17  Factory Tech Lab  
  104  28:18  Factory Tech Lab x2  
  104  28:19  Factory Reactor  
  88  28:40  Thor  
  69  29:03  Planetary Fortress  
  69  29:14  Viking x4  
  77  29:20  Factory Reactor  
  77  29:23  Refinery  
  77  29:25  Refinery  
  77  29:44  Viking  
  77  29:45  Viking x3  
  85  30:11  Siege Tank  
  85  30:12  Siege Tank x3  
  101  30:14  Hellion x2  
  101  30:25  Orbital Command  
  101  30:30  Orbital Command  
  96  30:45  Viking x3  
  96  30:46  Siege Tank x2  
  108  30:58  Refinery  
  92  31:22  Siege Tank x3  
  92  31:23  Hellion  
  93  31:37  Siege Tank  
  93  31:38  Hellion  
  74  31:54  Siege Tank  
  71  32:04  Hellion x5  
  81  32:38  Viking x4  
  81  32:40  Hellion x4  
  78  33:11  Viking x2  
  56  33:13  Hellion  
  56  33:14  Hellion x6  
  65  33:28  Refinery  
  65  33:35  Hellion x4  
  73  33:59  Siege Tank x2  
  73  34:01  Hellion x2  
  73  34:25  Siege Tank  
  73  34:26  Hellion x2  
  80  34:41  Siege Tank, Hellion  
  65  35:16  Siege Tank x2  
  65  35:17  Hellion x2  
  70  35:47  Siege Tank x2  
  70  35:48  Hellion x2  
  70  35:49  Hellion  
  80  36:21  Siege Tank x3  
  80  36:22  Hellion x2  
  80  36:23  Hellion x2, SCV  
  102  36:47  Hellion x5  
  108  37:05  Orbital Command  
  108  37:30  SCV  
  108  37:31  SCV x2  
Tags
 
Composition
Mech
Matchup
TvT
Race
Terran
Spawn Locations
Cross Positions
Add a new tag
Caveats
  • Supply blocks, unpowered buildings, or Contaminate may cause inaccurate times.
  • Supply counts are checked every 10 seconds.